 Dungeon Crawl Stone Soup version 0.28-a0-980-g3664467d6e (webtiles) character file.

Game seed: 18385488544625831256

93 Conn the Firebug (level 4, 0/29 HPs)
             Began as an Octopode Fire Elementalist on Dec 2, 2021.
             Succumbed to a scorpion's poison
             ... on level 2 of the Dungeon.
             The game lasted 00:02:10 (1181 turns).

Conn the Firebug (Octopode Fire Elementalist)       Turns: 1181, Time: 00:02:11

Health: 0/29       AC:  4    Str:  7    XL:     4   Next: 61%
Magic:  7/16       EV: 14    Int: 19    God:
Gold:   68         SH:  0    Dex: 18    Spells: 7/8 levels left

rFire   . . .      SeeInvis .   e - +1 dagger (holy)
rCold   . . .      Faith    .   (no shield)
rNeg    . . .      Spirit   +   (helmet restricted)
rPois   .          Reflect  .   d - amulet of guardian spirit
rElec   .          Harm     .   c - +6 ring of dexterity
rCorr   .          Rampage  .   f - ring of magical power
Will    .....                   (no ring)
Stlth   +++.......              (no ring)
HPRegen 0.09/turn               (no ring)
MPRegen 0.15/turn               (no ring)
                                (no ring)
                                (no ring)

@: lethally poisoned (0 -> -3)
A: almost no armour, amphibious, 8 rings, camouflage 1, gelatinous body 1,
(nimble swimmer 1), tentacles, iridescent scales 1, robust 1, shaggy fur 1
a: no special abilities


You were on level 2 of the Dungeon.
You visited 1 branch of the dungeon, and saw 2 of its levels.

You collected 68 gold pieces.

Inventory:

Hand Weapons
 a - a +0 short sword
 e - a +1 dagger of holy wrath (weapon)
Jewellery
 c - a +6 ring of dexterity (left tentacle)
 d - an amulet of guardian spirit (around mantle)
 f - a ring of magical power (right tentacle)


   Skills:
 + Level 0.1 Short Blades
 + Level 2.3 Dodging
 + Level 3.1 Stealth
 + Level 2.6 Spellcasting
 + Level 1.5 Conjurations
 + Level 4.2 Fire Magic


You had 7 spell levels left.
You knew the following spells:

 Your Spells              Type           Power      Damage    Failure   Level
a - Foxfire               Conj/Fire      52%        2x1d6     4%          1

Your spell library contained the following spells:

 Spells                   Type           Power      Damage    Failure   Level
 Scorch                   Fire           36%        2d6       4%          2
 Conjure Flame            Conj/Fire      13%        6-21      14%         3
 Inner Flame              Hex/Fire       10%        N/A       21%         3
 Flame Wave               Conj/Fire      13%        2d5       43%         4


Dungeon Overview and Level Annotations

Branches:
Dungeon (2/15)

Altars:


Innate Abilities, Weirdness & Mutations

You cannot wear most types of armour.
You are amphibious.
You can wear up to eight rings at the same time.
Your skin changes colour to match your surroundings (Stealth+).
Your rubbery body absorbs attacks. (AC +1, EV +1)
((You are camouflaged near water. (Stealth+)))
You have tentacles for arms and can constrict up to eight enemies at once.
You are partially covered in iridescent scales. (AC +2)
You are robust. (+10% HP)
You are covered in fur. (AC +1)


Message History

You kill the adder!
You constrict the scorpion, but do no damage.
You feel very sick.
The foxfire hits the scorpion.
You kill the scorpion!
Your Stealth skill increases to level 3!
Your Fire Magic skill increases to level 4!
You have reached level 3!
Your experience leads to an increase in your attributes!
Your base attributes are Str 7, Int 17, Dex 12.
Increase (S)trength, (I)ntelligence, or (D)exterity?
You feel clever. x2
You have reached level 4!
There is a lethal amount of poison in your body!
It was a potion of mutation.
You feel extremely strange.
You feel robust. Fur sprouts all over your body.
Iridescent scales grow over part of your body.
* * * LOW HITPOINT WARNING * * *
You feel sick.
Your foxfire dissipates!
There is a lethal amount of poison in your body!
As you read the scroll labelled KISARI QEASYH, it crumbles to dust.
You feel strangely unstable.
It was a scroll of teleportation.
* * * LOW HITPOINT WARNING * * *
You feel sick.
* * * LOW HITPOINT WARNING * * *
You feel sick.
You see here a scorpion corpse.
Your surroundings suddenly seem different.
A ball python comes into view.
Found a scroll of teleportation.
* * * LOW HITPOINT WARNING * * *
You feel sick.
The ball python hisses angrily.
The ball python moves out of view.
* * * LOW HITPOINT WARNING * * *
You feel sick.
* * * LOW HITPOINT WARNING * * *
You feel sick.
You die...

.# ### .#
... .##...
..... .#.# .
##..# ..
#..# .# #
#@# .###
#.##.##.....
#........# .
####.###.#
#........
###.#....
### .# ..
..[ # ..#


There were no monsters in sight!

Vanquished Creatures
  A scorpion (D:2)
  An adder (D:2)
  An endoplasm (D:1)
  4 goblins
  2 hobgoblins (D:1)
  2 kobolds
  3 quokkas
  A bat (D:1)
  6 frilled lizards (D:2)
  A rat (D:1)
22 creatures vanquished.

Vanquished Creatures (collateral kills)
  2 foxfires (D:2)
2 creatures vanquished.

Vanquished Creatures (others)
  57 foxfires
  6 plants (D:2)
63 creatures vanquished.

Grand Total: 87 creatures vanquished

Notes
Turn   | Place    | Note
-------+----------+-------------------------------------------
     0 | D:1      | Conn the Octopode Fire Elementalist began the quest for the
                  | Orb.
     0 | D:1      | Reached XP level 1. HP: 11/11 MP: 3/3
   273 | D:1      | Reached XP level 2. HP: 17/17 MP: 0/5
   545 | D:1      | Found a faded altar of an unknown god.
  1163 | D:2      | Noticed a scorpion
  1174 | D:2      | Killed a scorpion
  1175 | D:2      | Reached skill level 4 in Fire Magic
  1175 | D:2      | Reached XP level 3. HP: 7/21 MP: 6/6
  1175 | D:2      | Reached XP level 4. HP: 9/27 MP: 6/7
  1175 | D:2      | Gained mutation: You are robust. (+10% HP) [potion of
                  | mutation]
  1175 | D:2      | Gained mutation: You are covered in fur. (AC +1) [potion of
                  | mutation]
  1175 | D:2      | Gained mutation: You are partially covered in iridescent
                  | scales. (AC +2) [potion of mutation]
  1180 | D:2      | HP: 1/29 [poisoned by a scorpion]
  1181 | D:2      | Succumbed to a scorpion's poison

Illustrated notes

Levels and vault maps discovered:
D:1:      tarquinn_simple_flora_water_c, layout_basic,
          shapermc_ecumenical_altar_mp_vishouse
D:2:      layout_loops_cross, serial_shops, nicolae_diamond_shop,
          solitary_fountain, minmay_lizard_king

Skill      XL: |  1  2 |
---------------+-------+-----
Stealth        | 3 |  3.1
Fire Magic     | 4 |  4.2
Short Blades   | |  0.1
Dodging        | |  2.3
Spellcasting   | |  2.6
Conjurations   | |  1.5

Action                   |  1- 3 |  4- 6 || total
-------------------------+-------+-------++-------
Melee: Short sword       |     5 |       ||     5
       Dagger            |     8 |       ||     8
       Tentacles         |     6 |       ||     6
       Constrict         |     5 |       ||     5
 Cast: Foxfire           |    33 |       ||    33
  Use: Scroll            |       |     1 ||     1
       Potion            |       |     1 ||     1
Dodge: Dodged            |    18 |       ||    18

Table legend: (Time is in decaauts)
 A = Elapsed time spent in this place.
 B = Non-inter-level travel time spent in this place.
 C = Inter-level travel time spent in this place.
 D = Time resting spent in this place.
 E = Time spent auto-exploring this place.
 F = Levels seen in this place.
 G = Mean time per level.
                   A        B        C        D        E       F      G
               +--------+--------+--------+--------+--------+-----+--------+
         Total |   1179 |   1173 |      6 |      0 |   1007 |   2 |  589.5 |
       Dungeon |   1179 |   1173 |      6 |      0 |   1007 |   2 |  589.5 |
               +--------+--------+--------+--------+--------+-----+--------+

Top non-repeatable levels by time:
     D:1: 1011 daAuts
     D:2: 167 daAuts
